 Dungeon Crawl Stone Soup version 0.18-a0-1418-ga86aa8f (webtiles) character file.

176 Tomstefer the Destroyer (level 5, -1/28 HPs)
             Began as a Tengu Conjurer on Feb 26, 2016.
             Slain by a river rat (8 damage)
             ... in a sewer.
             The game lasted 00:08:06 (3003 turns).

Tomstefer the Destroyer (Tengu Conjurer)            Turns: 3003, Time: 00:08:06

Health: -1/28      AC:  6    Str:  8    XL:     5   Next: 56%
Magic:  1/10       EV: 18    Int: 17    God:
Gold:   184        SH:  0    Dex: 19    Spells: 2 memorised, 7 levels left

rFire  . . .     SeeInvis .     e - +1 mace
rCold  . . .     Gourm    .     o - +1 ring mail {MR+}
rNeg   . . .     Faith    .     (no shield)
rPois  .         Spirit   .     (helmet restricted)
rElec  .         Dismiss  .     (no cloak)
rCorr  .         Reflect  .     (no gloves)
SustAt .         Harm     .     (boots unavailable)
MR     +....                    (no amulet)
Stlth  +++.......               (no ring)
                                (no ring)

@: agile, flying quickly and evasively (expiring), quick, somewhat resistant to
hostile enchantments, fairly stealthy
A: beak, talons 3, able to fly 1
a: no special abilities


You were in a sewer.
You were hungry.

You visited 1 branch of the dungeon, and saw 3 of its levels.
You also visited: Sewer.

You collected 184 gold pieces.

Inventory:

Hand Weapons
 e - a +1 mace (weapon)
Armour
 a - a +0 robe
 h - a +0 leather armour
 o - a +1 ring mail of magic resistance (worn)
Scrolls
 f - a scroll of enchant weapon
 i - a scroll of teleportation
 p - a scroll of identify
Potions
 j - a potion of lignification {unknown}
 l - a potion of degeneration {unknown}
 m - a potion of curing
 n - a potion of beneficial mutation {unknown}
 q - a potion of flight {unknown}
 r - a potion of berserk rage {unknown}
 s - 2 potions of brilliance {unknown}
 t - a potion of heal wounds {unknown}
Books
 b - a book of Conjurations

   Spells                             Type                      Level
   a - Magic Dart                     Conjuration                  1
   b - Searing Ray                    Conjuration                  2
   c - Dazzling Spray                 Conjuration/Hexes            3
   d - Fulminant Prism                Conjuration/Hexes            4
   e - Iskenderun's Mystic Blast      Conjuration                  4
   f - Iskenderun's Battlesphere      Conjuration/Charms           5
Comestibles
 c - 3 bread rations
 g - a meat ration
 k - 2 beef jerkies
 u - 2 chunks of flesh


   Skills:
 - Level 2.1 Dodging
 - Level 2.0 Stealth
 + Level 3.0 Spellcasting
 + Level 8.1 Conjurations


You had 7 spell levels left.
You knew the following spells:

 Your Spells              Type           Power        Failure   Level  Hunger
a - Magic Dart            Conj           ####         1%          1    None
b - Searing Ray           Conj           ####..       3%          2    ##.....


Dungeon Overview and Level Annotations

Branches:
Dungeon (3/15)

Altars:
Fedhas


Innate Abilities, Weirdness & Mutations

You have a beak for a mouth.
You have claws for feet.
You can fly.


Message History

Press: ? - help, Shift-Dir - straight line, f - river rat
Aim: a river rat The magic dart hits the river rat.
The river rat is lightly wounded.
The river rat misses you.
The river rat bites you but does no damage.
Casting: Magic Dart
Confirm with . or Enter, or press ? or * to list all spells.
You don't have enough magic to cast that spell.
Unknown command.
Drink which item? (? for menu, Esc to quit)
You feel better. The river rat bites you.
* * * LOW HITPOINT WARNING * * *
The river rat bites you but does no damage.
The river rat barely misses you.
Drink which item? (? for menu, Esc to quit)
It was a potion of agility.
You feel agile all of a sudden. The river rat closely misses you.
The river rat bites you!
You die...

#≈ #≈#≈≈≈≈≈≈≈≈≈≈≈ #≈
#≈≈≈≈≈r≈≈≈≈≈≈ #≈≈
#≈#≈≈≈≈≈≈≈≈≈≈≈
#≈≈#######≈≈r≈≈≈≈≈≈≈≈
#≈≈#..#..#≈≈≈≈≈≈≈≈≈≈.
#≈≈#.....#..≈≈.≈.≈≈..
#≈≈##S..))...........
#≈≈#rrr..#...........
#≈≈#@r#..#...........
#≈≈#########..###....
#≈≈ #### ##... #≈
#### #≈ #


You could see an adder and 4 river rats.

Vanquished Creatures
  An orc wizard (D:3)
  3 adders
  3 river rats (Sewer)
  A worm (D:3)
  2 dart slugs (D:1)
  5 giant geckos
  3 orcs
  8 bats
  6 giant cockroaches
  7 goblins
  9 hobgoblins
  4 jackals (D:1)
  A quokka (D:2)
  3 ball pythons (Sewer)
  3 giant newts (D:1)
  13 kobolds
  11 rats
83 creatures vanquished.

Vanquished Creatures (others)
  A goblin (D:3)
1 creature vanquished.

Grand Total: 84 creatures vanquished

Notes
Turn   | Place    | Note
--------------------------------------------------------------
     0 | D:1      | Tomstefer the Tengu Conjurer began the quest for the Orb.
     0 | D:1      | Reached XP level 1. HP: 10/10 MP: 4/4
   167 | D:1      | Reached XP level 2. HP: 15/15 MP: 1/6
   240 | D:1      | Reached skill level 6 in Conjurations
   419 | D:1      | Reached XP level 3. HP: 19/19 MP: 2/7
  1086 | D:2      | Reached skill level 7 in Conjurations
  1294 | D:2      | Reached XP level 4. HP: 24/24 MP: 2/8
  1460 | D:2      | Learned a level 2 spell: Searing Ray
  2303 | D:3      | Found a blossoming altar of Fedhas.
  2384 | D:3      | Gained mutation: You can fly. [Tengu growth]
  2384 | D:3      | Reached XP level 5. HP: 25/28 MP: 5/9
  2527 | D:3      | Found a glowing drain.
  2531 | Sewer    | Entered a sewer
  2801 | Sewer    | Reached skill level 8 in Conjurations
  2997 | Sewer    | HP: 1/28 [river rat (6)]
  3003 | Sewer    | Slain by a river rat

Vault maps used:
D:1:      sevenhm_arrival_forest_fort_small_3
D:3:      overflow_temple_1_default, lemuel_doored_altar, first_bread,
          gup_sewer_entry_bowl, uniq_natasha
Sewer:    sewer_minmay_treatment

Skill      XL: |  1  2  3  4  5 |
---------------+----------------+-----
Conjurations   | 6 7 8 |  8.1
Spellcasting   | 3 |  3.0
Dodging        | |  2.1
Stealth        | |  2.0

Action                   |  1- 3 |  4- 6 || total
-------------------------+-------+-------++-------
Melee: Mace              |    19 |     9 ||    28
 Cast: Magic Dart        |    67 |    55 ||   122
       Searing Ray       |       |    11 ||    11
 Abil: Fly               |       |     1 ||     1
  Use: Scroll            |       |     5 ||     5
       Potion            |       |     3 ||     3
  Eat: Chunk             |     2 |     6 ||     8
